 Dungeon Crawl Stone Soup version 0.29.1-debian-1-gc3f1650bb9 (webtiles) character file.

Game seed: 14268830130282384715

8158 scionoferis the Thaumaturge (level 11, -2/68 HPs)
             Began as a Mummy Conjurer on Sept 12, 2022.
             Was a Priest of Kikubaaqudgha.
             Slain by Snorg (5 damage)
             ... on level 11 of the Dungeon.
             The game lasted 00:53:03 (14120 turns).

scionoferis the Thaumaturge (Mummy Conjurer)       Turns: 14120, Time: 00:53:03

Health: -2/68      AC: 12    Str: 10    XL:     11   Next: 6%
Magic:  1/24       EV: 11    Int: 24    God:    Kikubaaqudgha [***...]
Gold:   1118       SH:  0    Dex: 12    Spells: 3/29 levels left

rFire   + . .      SeeInvis .   b - +0 shortbow
rCold   + . .      Faith    +   (shield currently unavailable)
rNeg    + + +      Spirit   .   s - +3 leather armour {rF+}
rPois   ∞          Reflect  .   d - +2 helmet {Int+3}
rElec   .          Harm     .   j - +0 cloak
rCorr   .          Rampage  .   C - +0 pair of gloves
Will    +....                   h - +0 pair of boots
Stlth   +++.......              E - amulet of the acrobat
HPRegen 0.21/turn               f - ring of wizardry
MPRegen 0.19/turn               k - ring of protection from fire

@: no status effects
A: cold resistance 1, negative energy resistance 3, torment resistance 2, heat
vulnerability 1, in touch with death 1, no potions, faith
a: Renounce Religion, Unearth Wretches


You were on level 11 of the Dungeon.
You worshipped Kikubaaqudgha.
Kikubaaqudgha was most pleased with you.
You visited 2 branches of the dungeon, and saw 12 of its levels.
You also visited: Sewer.

You collected 1514 gold pieces.
You spent 396 gold pieces at shops.

Inventory:

Hand Weapons
 a - a +1 spear of venom
 b - a +0 shortbow (weapon)
 t - a +0 sling
 D - a +5 dagger
 G - a +2 halberd of protection
Missiles
 l - 10 poisoned darts
 q - 2 silver javelins
 y - 14 boomerangs
 B - 3 javelins
Armour
 d - a +2 helmet of intelligence (worn)
 h - a +0 pair of boots (worn)
 j - a +0 cloak (worn)
 s - a +3 leather armour of fire resistance (worn)
 C - a +0 pair of gloves (worn)
Magical Staves
 m - a staff of poison
Jewellery
 f - a ring of wizardry (left hand)
 k - a ring of protection from fire (right hand)
 x - a ring of ice
 z - a ring of fire
 E - an amulet of the acrobat (around neck)
Wands
 o - a wand of charming (1)
 r - a wand of roots (6)
 v - a wand of flame (24)
 I - a wand of acid (8)
 J - a wand of polymorph (1)
Scrolls
 c - 4 scrolls of teleportation
 e - a scroll of torment
 g - a scroll of summoning
 i - 3 scrolls of poison
 n - a scroll of vulnerability
 p - 2 scrolls of blinking
 u - 7 scrolls of magic mapping
 w - a scroll of fear
 A - a scroll of amnesia
 F - 2 scrolls of enchant weapon
 K - a scroll of butterflies {unknown}


   Skills:
 - Level 3.5 Polearms
 - Level 1.5 Dodging
 - Level 5.0 Stealth
 + Level 9.9 Spellcasting
 - Level 8.0 Conjurations
 - Level 5.0 Hexes
 + Level 7.6 Necromancy
 * Level 3.2 Earth Magic
 - Level 1.2 Evocations


You had 3 spell levels left.
You knew the following spells:

 Your Spells              Type           Power      Damage    Failure   Level
a - Magic Dart            Conj           100%       1d8       1%          1
b - Searing Ray           Conj           100%       2d8       1%          2
c - Dazzling Flash        Conj/Hex       86%        N/A       1%          3
d - Blink                 Tloc           22%        N/A       4%          2
e - Animate Dead          Necr           64%        N/A       1%          4
f - Anguish               Hex/Necr       29%        N/A       2%          4
g - Apportation           Tloc           22%        N/A       3%          1
h - Dispel Undead         Necr           64%        3d22      1%          4
i - Borgnjor's Vile Clut  Necr/Erth      27%        N/A       9%          5

Your spell library contained the following spells:

 Spells                   Type           Power      Damage    Failure   Level
 Necrotise                Necr           100%       1d9       1%          1
 Slow                     Hex            100%       N/A       1%          1
 Cigotuvi's Dreadful Rot  Necr/Pois/Air  72%        N/A       1%          2
 Confusing Touch          Hex            35%        N/A       1%          3
 Vampiric Draining        Necr           64%        2d10      1%          3
 Summon Small Mammal      Summ           44%        N/A       3%          1
 Lesser Beckoning         Tloc           11%        N/A       9%          3
 Fulminant Prism          Conj/Hex       21%        3d13      1%          4
 Agony                    Necr           64%        N/A       3%          5
 Iskenderun's Mystic Bla  Conj/Tloc      31%        2d8       6%          4
 Death Channel            Necr           32%        N/A       19%         6
 Manifold Assault         Tloc           11%        N/A       28%         4
 Simulacrum               Ice/Necr       22%        N/A       65%         6
 Enfeeble                 Hex            17%        N/A       95%         7


Dungeon Overview and Level Annotations

Branches:
Dungeon (11/15)            Temple (1/1) D:5             Orc (0/2) D:10
  Sewer (visited)
   Lair: D:8-11

Altars:
Ashenzari
Cheibriados
Dithmenos
Fedhas
Gozag
Hepliaklqana
Kikubaaqudgha
Makhleb
Nemelex Xobeh
Okawaru
Qazlal
Ru
Sif Muna
Trog
Uskayaw
Vehumet
Wu Jian
Xom
Yredelemnul

Shops:
D:3 [   D:8 ?   D:9 :   D:10 [=::!

Annotations:
D:10 exclusion: wizard
D:11 Snorg


Innate Abilities, Weirdness & Mutations

You are immune to poison.
Your flesh is cold resistant. (rC+)
You are immune to negative energy. (rN+++)
You are immune to unholy pain and torment.
You are vulnerable to heat. (rF-)
You are in touch with the powers of death.
You do not drink.
You have a special connection with the divine. (Faith)


Message History

The vampire mosquito barely misses you. The vampire mosquito bites you.
Snorg bites you. Snorg claws you. Snorg barely misses you.
The searing ray hits Snorg!
Snorg is severely wounded.
The vampire mosquito completely misses you.
Snorg goes berserk!
A vampire mosquito comes into view.
The vampire mosquito completely misses you.
The searing ray misses Snorg.
The vampire mosquito misses you. x2
Snorg bites you!! Snorg completely misses you. Snorg barely misses you.
The vampire mosquito completely misses you. x2
Snorg misses you. Snorg claws you. Snorg misses you.
The vampire mosquito buzzes angrily.
The searing ray hits Snorg.
Snorg is severely wounded.
You finish channelling your searing ray.
The vampire mosquito barely misses you. The vampire mosquito bites you.
Snorg barely misses you. Snorg completely misses you.
Snorg claws you but does no damage. The vampire mosquito misses you.
The vampire mosquito completely misses you.
Your magical contamination has completely faded away.
Casting: Searing Ray (safe; 1% risk of failure)
Confirm with . or Enter, or press ? or * to list all spells.
Okay, then.
Unknown command.
Casting: Searing Ray (safe; 1% risk of failure)
Confirm with . or Enter, or press ? or * to list all spells.
You don't have enough magic to cast this spell.
Aiming: Corrosive Bolt
Press: ? - help, Shift-Dir - straight line, f/p - Snorg
Aim: Snorg (severely wounded, berserk, 71% to hit)
The bolt of acid misses Snorg.
The vampire mosquito bites you but does no damage.
The vampire mosquito bites you.
* * * LOW HITPOINT WARNING * * *
Snorg bites you!
* * * LOW HITPOINT WARNING * * *
Snorg claws you.
You die...
Kikubaaqudgha rasps: "You have failed me!
Welcome... oblivion!"

......#
.......##
........##
.........#
.........#
.........#
.....y...#
.......y.#
......!T@#
.......y.#
.........#
.........#
........##
.......##
......#
.....#
....#


You could see Snorg (berserk) and 3 vampire mosquitoes.

Vanquished Creatures
  2 two-headed ogres (D:9)
  Joseph (D:10)
  An unseen horror (D:8)
  A shadow (D:10)
  12 yaks
  2 wyverns (D:9)
  Edmund (D:5)
  An acid dragon (D:9)
  2 water moccasins (D:6)
  Pargi (Sewer)
  2 ice beasts (D:5)
  2 black bears
  4 orc warriors
  2 ogres
  3 centaurs
  A kobold brigand (D:9)
  5 bullfrogs
  2 scorpions
  14 wights
  7 killer bees
  A howler monkey (D:5)
  A jelly (D:7)
  9 orc priests
  3 hounds
  A gnoll bouda (D:6)
  2 iguanas
  5 orc wizards
  5 gnolls (D:6)
  A river rat (D:5)
  15 adders
  2 shadow imps
  3 white imps
  2 ufetubi
  A worm (D:5)
  32 orcs
  10 ball pythons
  7 bats
  8 endoplasms
  3 giant cockroaches
  9 goblins
  5 hobgoblins
  5 jackals (D:4)
  2 quokkas
  5 frilled lizards
  12 kobolds
  8 rats
223 creatures vanquished.

Vanquished Creatures (others)
  2 plants (D:3)
2 creatures vanquished.

Grand Total: 225 creatures vanquished

Notes
Turn   | Place    | Note
-------+----------+-------------------------------------------
     0 | D:1      | scionoferis the Mummy Conjurer began the quest for the Orb.
     0 | D:1      | Reached XP level 1. HP: 13/13 MP: 4/4
   161 | D:1      | Reached XP level 2. HP: 19/19 MP: 3/5
   166 | D:1      | Learned a level 2 spell: Searing Ray
   240 | D:1      | Reached skill level 3 in Spellcasting
  1412 | D:2      | Gained mutation: You are in touch with the powers of death.
                  | [Mummy growth]
  1412 | D:2      | Reached XP level 3. HP: 24/24 MP: 4/7
  1416 | D:2      | Learned a level 3 spell: Dazzling Flash
  2028 | D:2      | Reached XP level 4. HP: 30/30 MP: 6/9
  2262 | D:3      | Found Muxte's Armour Shop.
  2536 | D:3      | Reached skill level 1 in Hexes
  2793 | D:3      | Found a faded altar of an unknown god.
  3010 | D:4      | Learned a level 2 spell: Blink
  3173 | D:4      | Reached XP level 5. HP: 35/35 MP: 2/10
  3929 | D:5      | Entered Level 5 of the Dungeon
  3967 | D:5      | Noticed an ogre
  3970 | D:5      | Killed an ogre
  3971 | D:5      | Reached skill level 4 in Spellcasting
  3971 | D:5      | Reached XP level 6. HP: 20/41 MP: 3/12
  4007 | D:5      | Noticed Edmund
  4035 | D:5      | Killed Edmund
  4077 | D:5      | Reached skill level 5 in Conjurations
  4096 | D:5      | Found a staircase to the Ecumenical Temple.
  4102 | D:5      | Reached XP level 7. HP: 37/46 MP: 3/14
  4281 | D:5      | Reached skill level 5 in Spellcasting
  4394 | D:5      | Found a glowing drain.
  4403 | Sewer    | Entered a sewer
  4718 | Sewer    | Noticed Pargi
  4732 | Sewer    | Killed Pargi
  5053 | D:5      | Reached XP level 8. HP: 52/52 MP: 11/16
  5499 | Temple   | Entered the Ecumenical Temple
  5614 | Temple   | Became a worshipper of Kikubaaqudgha
  5866 | D:5      | Reached skill level 1 in Necromancy
  6429 | D:6      | Reached skill level 6 in Spellcasting
  7105 | D:6      | Reached * piety under Kikubaaqudgha
  7105 | D:6      | Received a gift from Kikubaaqudgha
  8120 | D:7      | Identified a scroll of acquirement
  8121 | D:7      | Acquired 1155 gold pieces
  8204 | D:3      | Bought a +2 helmet of intelligence for 258 gold pieces
  8215 | D:3      | Bought a +0 cloak for 54 gold pieces
  8230 | D:3      | Learned a level 4 spell: Animate Dead
  8235 | D:3      | Learned a level 4 spell: Anguish
  8330 | D:7      | Reached XP level 9. HP: 57/57 MP: 9/18
  8332 | D:7      | Learned a level 1 spell: Apportation
  8745 | D:7      | Reached skill level 5 in Stealth
  8784 | D:7      | Found a shadowy altar of Dithmenos.
  8981 | D:7      | Reached skill level 7 in Spellcasting
  9461 | D:7      | Reached ** piety under Kikubaaqudgha
  9697 | D:8      | Reached skill level 5 in Necromancy
  9761 | D:8      | Reached skill level 5 in Hexes
 10124 | D:8      | Found Zaquonea's Magic Scroll Shoppe.
 10362 | D:8      | Reached skill level 1 in Polearms
 10606 | D:8      | Killed an unseen horror
 10607 | D:8      | Reached skill level 8 in Spellcasting
 10774 | D:8      | Reached XP level 10. HP: 33/63 MP: 5/22
 11716 | D:9      | Found an opulent altar of Gozag.
 11716 | D:9      | Found a broken altar of Ashenzari.
 11799 | D:9      | Found a radiant altar of Vehumet.
 11805 | D:9      | Found a stormy altar of Qazlal.
 11806 | D:9      | Found a shimmering blue altar of Sif Muna.
 11807 | D:9      | Found a hide-covered altar of Uskayaw.
 11808 | D:9      | Found a sacrificial altar of Ru.
 11809 | D:9      | Found a sparkling altar of Nemelex Xobeh.
 11832 | D:9      | Found an ornate altar of the Wu Jian Council.
 11911 | D:9      | Found a shimmering altar of Xom.
 12033 | D:9      | Noticed a two-headed ogre
 12040 | D:9      | Killed a two-headed ogre
 12196 | D:9      | Reached skill level 9 in Spellcasting
 12248 | D:9      | Found Dosos's Book Boutique.
 12378 | D:9      | Noticed a two-headed ogre
 12386 | D:9      | Killed a two-headed ogre
 12387 | D:9      | Reached skill level 1 in Evocations
 12456 | D:9      | Reached *** piety under Kikubaaqudgha
 12456 | D:9      | Received a gift from Kikubaaqudgha
 12462 | D:9      | Learned a level 4 spell: Dispel Undead
 12468 | D:9      | Learned a level 5 spell: Borgnjor's Vile Clutch
 12684 | D:8      | Bought a scroll of identify for 28 gold pieces
 12684 | D:8      | Bought a scroll of identify for 28 gold pieces
 12684 | D:8      | Bought a scroll of identify for 28 gold pieces
 12734 | D:10     | Entered Level 10 of the Dungeon
 12767 | D:10     | Reached skill level 1 in Earth Magic
 12925 | D:10     | Found a staircase to the Orcish Mines.
 12992 | D:10     | Found Daph's Armour Emporium.
 13223 | D:10     | Reached XP level 11. HP: 62/68 MP: 11/24
 13345 | D:10     | Noticed Joseph
 13364 | D:10     | Killed Joseph
 13512 | D:10     | Found Mimur's Jewellery Shoppe.
 13517 | D:10     | Found Cywn's Book Shoppe.
 13517 | D:10     | Found Esyoqaso's Book Shoppe.
 13518 | D:10     | Found Jowo's Distillery.
 13735 | D:10     | Noticed a wizard
 13991 | D:10     | Noticed a wizard
 14007 | D:10     | Noticed a wizard
 14103 | D:11     | Noticed Snorg
 14120 | D:11     | HP: 3/68 [Snorg (17)]
 14120 | D:11     | Slain by Snorg

Illustrated notes

Levels and vault maps discovered:
D:1:      sevenhm_arrival_forest_fort_large_4, layout_basic,
          nrook_mini_backslash, st_stairs_4
D:2:      layout_loops_ring
D:3:      layout_rooms, shapermc_ecumenical_altar_hornbeckon, serial_shops,
          nicolae_shop_statue_plus, grunt_decor_junction,
          minmay_shallow_snake_nest
D:4:      nicolae_cairo_tiling_large_dashed, layout_loops_ring
D:5:      layout_basic, minmay_temple_entry_junction, portal_sewer_entry_b,
          st_stairs_10, grunt_ministairs_6, uniq_edmund
D:6:      layout_layer_cave, lightli_orcish_oven
D:7:      layout_gridville, nicolae_dithmenos_the_darkroom
D:8:      layout_loops_corners, nicolae_take_the_stairs
D:9:      layout_irregular_city, xom_teletrap_fun, minitemple, serial_shops,
          shop
D:10:     minmay_smoke_and_mirrors, layout_loops_ring, david_orc_3,
          serial_shops, nicolae_shop_statue_plus, minmay_shop_grid_forest,
          chequers_avenue, uniq_joseph
D:11:     layout_big_octagon, david_lair_shrubbed, minivault_16,
          pdpol_wu_jian_five_deadly_venoms, uniq_snorg
Temple:   hellmonk_temple_beads

Skill      XL: |  1  2  3  4  5  6  7  8  9 10 11 |
---------------+----------------------------------+-----
Spellcasting   | 3 4 5 6 8 9 |  9.9
Stealth        | 2 3 4 5 |  5.0
Conjurations   | 4 5 6 7 8 |  8.0
Hexes          | 1 2 3 4 5 |  5.0
Necromancy     | 3 6 7 |  7.6
Polearms       | 2 3 |  3.5
Evocations     | 1 |  1.2
Earth Magic    | 2 3 |  3.2
Dodging        | |  1.5

Action                   |  1- 3 |  4- 6 |  7- 9 | 10-12 || total
-------------------------+-------+-------+-------+-------++-------
Melee: Spear             |    10 |       |       |     9 ||    19
       Dagger            |       |     4 |    61 |     5 ||    70
       Punch             |       |       |     1 |       ||     1
 Fire: Sling             |    63 |    57 |    17 |       ||   137
       Shortbow          |       |       |    45 |    28 ||    73
Throw: Javelin           |       |       |     3 |       ||     3
 Cast: Magic Dart        |     6 |       |     1 |       ||     7
       Searing Ray       |    18 |    24 |    95 |    40 ||   177
       Apportation       |       |       |       |     3 ||     3
       Borgnjor's Vile C |       |       |       |     3 ||     3
Evoke: Wand              |       |     9 |     9 |     9 ||    27
  Use: Scroll            |       |       |     5 |     8 ||    13
Armor: Robe              |     3 |       |       |       ||     3
       Ring mail         |     5 |    19 |       |       ||    24
       Leather armour    |       |       |   101 |    26 ||   127
Dodge: Dodged            |     3 |    26 |   111 |    67 ||   207
